 Dungeon Crawl Stone Soup version 0.30.1-3-gfc49f6343a (webtiles) character file.

Game seed: 2302577362074108678

6412 Peloso the Carver (level 10, -2/91 HPs)
             Began as a Minotaur Fighter on Aug 7, 2023.
             Was an Elder of Okawaru.
             Killed by divine providence
             ... invoked by an orc priest
              (14 damage)
             ... on level 10 of the Dungeon.
             The game lasted 00:17:47 (7114 turns).

Peloso the Carver (Minotaur Fighter)                Turns: 7114, Time: 00:17:47

Health: -2/91      AC: 17    Str: 27    XL:     10   Next: 66%
Magic:  9/9        EV:  9    Int:  5    God:    Okawaru [****..]
Gold:   7          SH:  6    Dex: 13    Spells: 9/9 levels left

rFire   . . .        a - +0 long sword
rCold   + . .        d - +0 buckler
rNeg    + . .        c - +0 plate armour
rPois   +            (helmet restricted)
rElec   .            L - scarf of Zan Kokh {shadows, rC+ rN+ Will++ Dex+2}
rCorr   .            C - +0 pair of gloves
SInv    .            m - +0 pair of boots
Will    +++..        e - amulet of regeneration Stlth
                     h - ring of willpower
HPRegen 1.15/turn    w - ring of Waynwam {rPois Str+3}
MPRegen 0.11/turn

%: no passive effects
@: no status effects
A: horns 2, retaliatory headbutt
a: Renounce Religion, Heroism, Finesse


You were on level 10 of the Dungeon.
You worshipped Okawaru.
Okawaru was greatly pleased with you.
You visited 2 branches of the dungeon, and saw 11 of its levels.

You collected 574 gold pieces.
You spent 567 gold pieces at shops.

Inventory:

Hand Weapons
 a - a +0 long sword (weapon)
 b - a +2 dagger of flaming
Armour
 c - a +0 plate armour (worn)
 d - a +0 buckler (worn)
 m - a +0 pair of boots (worn)
 z - a +0 cloak
 C - a +0 pair of gloves (worn)
 I - a +0 chain mail of fire resistance
 L - the scarf of Zan Kokh (worn) {shadows, rC+ rN+ Will++ Dex+2}
   (You bought it in a shop on level 7 of the Dungeon)

   Dex:       It affects your dexterity (+2).
   rC:        It protects you from cold.
   rN:        It protects you from negative energy.
   Will:      It greatly increases your willpower.
Jewellery
 e - an amulet of regeneration (around neck)
 h - a ring of willpower (left hand)
 r - a ring of poison resistance
 v - a ring of see invisible
 w - the ring of Waynwam (right hand) {rPois Str+3}
   (You found it on level 6 of the Dungeon)

   [ring of poison resistance]

   Str:       It affects your strength (+3).
   rPois:     It protects you from poison.
Wands
 n - a wand of iceblast (6)
 y - a wand of paralysis (17)
 H - a wand of quicksilver (5)
 J - a wand of digging (4)
Scrolls
 f - 12 scrolls of teleportation
 k - 3 scrolls of enchant weapon
 l - a scroll of silence
 o - a scroll of amnesia
 q - 2 scrolls of fog
 u - a scroll of poison
 F - a scroll of vulnerability {unknown}
 G - a scroll of enchant armour {unknown}
Potions
 g - 5 potions of curing
 i - a potion of flight
 j - 3 potions of might
 p - 3 potions of ambrosia
 s - 2 potions of heal wounds
 t - 3 potions of haste
 x - a potion of brilliance
 A - 2 potions of mutation
 B - 2 potions of degeneration {unknown}
 D - 2 potions of cancellation {unknown}
 E - a potion of resistance {unknown}
 K - a potion of magic {unknown}


   Skills:
 + Level 9.3 Fighting
 + Level 12.1 Long Blades
 + Level 10.0 Armour
 + Level 4.2 Dodging
 + Level 0.9 Stealth
 + Level 7.9 Shields
 + Level 1.0 Invocations
 + Level 0.1 Evocations


You had 9 spell levels left.
You didn't know any spells.
Your spell library contained the following spells:

 Spells                   Type           Power      Damage    Failure   Level
 Apportation              Tloc           0%         N/A       99%         1
 Necrotise                Necr           0%         1d4       99%         1
 Ozocubu's Armour         Ice            0%         N/A       100%        3
 Portal Projectile        Hex/Tloc       0%         N/A       100%        3
 Blade Hands              Tmut           0%         N/A       100%        5
 Ozocubu's Refrigeration  Ice            0%         4d7       100%        7
 Summon Small Mammal      Summ           Unusable   N/A       N/A         1
 Tukima's Dance           Hex            Unusable   N/A       N/A         3

Dungeon Overview and Level Annotations

Branches:
Dungeon (10/15)            Temple (1/1) D:5
   Lair: D:8-11         Orc: D:9-12

Altars:
Dithmenos
Fedhas
Gozag
Hepliaklqana
Nemelex Xobeh
Okawaru
Qazlal
Ru
Sif Muna
Uskayaw
Xom
Yredelemnul
Zin
The Shining One

Shops:
D:4 *   D:7 *   D:9 *[(


Innate Abilities, Weirdness & Mutations

You have a pair of horns on your head.
You reflexively headbutt those who attack you in melee.


Message History

You hit the orc.
The orc is heavily wounded.
The orc priest invokes the aid of Beogh against you.
Beogh smites you! The orc barely misses you.
You hear a shout!
You hit the orc. Your headbutt misses the orc.
The orc is almost dead.
The orc priest looks satisfied for a moment.
The orc hits you but does no damage.
You slash the orc!
You kill the orc!
Okawaru accepts your kill.
The orc priest mumbles some strange prayers to Beogh against you.
Beogh smites you!
An orc priest comes into view. It is wielding a +0 war axe.
An orc wizard comes into view. It is wielding a +0 dagger.
The orc wizard shouts!
The orc warrior completely misses you. You furiously retaliate!
You headbutt the orc warrior!
Items here: )) [[ †.
You slash the orc warrior! Your headbutt misses the orc warrior.
The orc warrior is severely wounded.
The orc warrior hits you with a +0 flail!
The orc priest mumbles some strange prayers to Beogh against you.
Beogh smites you!
* * * LOW HITPOINT WARNING * * *
You slash the orc warrior!
You kill the orc warrior!
Okawaru accepts your kill.
You hit the orc. You headbutt the orc.
The orc is severely wounded.
You closely miss the orc.
The orc is severely wounded.
The orc priest mumbles some strange prayers to Beogh against you.
Beogh smites you!
* * * LOW HITPOINT WARNING * * *
The orc hits you but does no damage.
The orc priest invokes the aid of Beogh against you.
Beogh smites you!
You die...

.# #...<... .#
#.####.## .# #.###...##
. #)##.....#######
#)#............#
.###.#......#####..
...........##### ..
####...........####oo..
####.#.#######..@ooo...
..##.#.# ######o...
#.##.#.# ## #.##.#.#
#.##.#.# #.##.#.##
#.##....####
#.##..<...^# #.#
#...##.#


You could see an orc warrior, 2 orc priests and 3 orcs.

Vanquished Creatures
  A komodo dragon (D:10)
  2 wraiths
  9 yaks
  A steam dragon (D:8)
  Edmund (D:5)
  6 orc warriors
  2 sky beasts
  An ogre (D:5)
  A centaur (D:8)
  Blork the orc (D:5)
  5 kobold brigands
  5 bullfrogs
  A gnoll sergeant (D:8)
  4 scorpions
  19 wights
  11 killer bees
  2 howler monkeys (D:8)
  A jelly (D:6)
  2 orc priests
  2 hounds
  4 iguanas
  9 orc wizards
  3 sleepcaps
  3 hound skeletons (D:3)
  5 gnolls (D:8)
  6 adders
  3 adder zombies (D:3)
  3 worms
  2 dart slugs
  34 orcs
  8 ball pythons
  10 bats
  7 endoplasms
  4 giant cockroaches
  11 goblins
  11 hobgoblins
  12 jackals
  33 kobolds
  3 quokkas
  3 frilled lizards
  A giant cockroach zombie (D:3)
  A quokka skeleton (D:3)
  2 rats (D:1)
255 creatures vanquished.

Notes
Turn   | Place    | Note
-------+----------+-------------------------------------------
     0 | D:1      | Peloso the Minotaur Fighter began the quest for the Orb.
     0 | D:1      | Reached XP level 1. HP: 19/19 MP: 0/0
    83 | D:1      | Reached XP level 2. HP: 27/27 MP: 1/1
   261 | D:1      | Reached XP level 3. HP: 33/33 MP: 2/2
   354 | D:1      | Reached skill level 3 in Long Blades
   762 | D:2      | Reached XP level 4. HP: 41/41 MP: 3/3
  1284 | D:3      | Reached skill level 1 in Dodging
  1487 | D:3      | Reached skill level 4 in Long Blades
  1495 | D:3      | Reached XP level 5. HP: 39/47 MP: 4/4
  1920 | D:4      | Found Zabaets's General Store.
  1923 | D:4      | Bought a scroll of noise for 11 gold pieces
  2289 | D:4      | Reached skill level 5 in Long Blades
  2871 | D:4      | Reached XP level 6. HP: 29/55 MP: 5/5
  2969 | D:5      | Entered Level 5 of the Dungeon
  3000 | D:5      | Reached skill level 5 in Fighting
  3281 | D:5      | Reached XP level 7. HP: 58/61 MP: 6/6
  3295 | D:5      | Reached skill level 5 in Armour
  3419 | D:5      | Found a staircase to the Ecumenical Temple.
  3442 | Temple   | Entered the Ecumenical Temple
  3472 | Temple   | Became a worshipper of Warmaster Okawaru
  3574 | D:5      | Noticed Edmund
  3584 | D:5      | Killed Edmund
  3585 | D:5      | Reached skill level 6 in Long Blades
  3585 | D:5      | Reached skill level 5 in Shields
  3604 | D:5      | Noticed Blork the orc
  3611 | D:5      | Killed Blork the orc
  3902 | D:6      | Reached skill level 7 in Long Blades
  3902 | D:6      | Reached XP level 8. HP: 59/70 MP: 7/7
  3933 | D:6      | Reached * piety under Okawaru
  4029 | D:6      | Identified the ring of Waynwam {rPois Str+3}
  4268 | D:6      | Found a hazy altar of Hepliaklqana.
  4316 | D:6      | Reached skill level 8 in Long Blades
  4694 | D:7      | Found Nurish's Neck Hole.
  4715 | D:7      | Reached ** piety under Okawaru
  4784 | D:7      | Reached skill level 9 in Long Blades
  4784 | D:7      | Reached XP level 9. HP: 74/78 MP: 5/8
  4861 | D:7      | Reached skill level 1 in Invocations
  4959 | D:7      | Reached *** piety under Okawaru
  5000 | D:7      | Reached skill level 10 in Long Blades
  5386 | D:8      | Reached skill level 11 in Long Blades
  5546 | D:8      | Reached XP level 10. HP: 85/87 MP: 9/9
  5609 | D:8      | Reached **** piety under Okawaru
  5889 | D:8      | Found a glowing golden altar of the Shining One.
  6216 | D:9      | Found Cadus's Armour Shop.
  6217 | D:9      | Found Dest's General Store.
  6218 | D:9      | Found Hukhlusue's Antique Weapon Shop.
  6325 | D:9      | Reached skill level 12 in Long Blades
  6575 | D:9      | Found a basalt altar of Yredelemnul.
  6780 | D:7      | Bought the scarf of Zan Kokh {shadows, rC+ rN+ Will++
                  | Dex+2} for 556 gold pieces
  6837 | D:10     | Entered Level 10 of the Dungeon
  7032 | D:10     | Reached skill level 10 in Armour
  7114 | D:10     | Killed from afar by an orc priest

Illustrated notes

Levels and vault maps discovered:
D:1:      dpeg_arrival_tiny_g, layout_rooms
D:2:      layout_loops_ring, wad_floor_pattern_untrapped
D:3:      layout_rooms, serial_undead, serial_undead_f, serial_undead_d,
          serial_undead_a, serial_undead_d, serial_undead_f, serial_undead_a,
          kennysheep_big_empty_room, minmay_shallow_snake_nest
D:4:      layout_basic, serial_shops, nicolae_shop_tiny_real_fake_doors
D:5:      layout_gridville, minmay_temple_entry_gardened_gates,
          grunt_ministairs_15, minmay_strange_pillars, uniq_blork_the_orc,
          uniq_edmund
D:6:      layout_loops_ring, worldfamousw_hep_ancestral_shrine
D:7:      layout_basic, minmay_misc_feat_x, nicolae_shop_sticking_my_neck_out
D:8:      layout_basic, nicolae_tso_swordbearing_angel,
          chequers_serial_rivers_large_a, kennysheep_generic_room_12
D:9:      layout_small_grid, yredelemnul_altar_generic,
          nicolae_shop_distant_corner_stores
D:10:     layout_loops_ring, david_orc_3, kennysheep_generic_room_3, uniq_lodul,
          uniq_psyche
Temple:   nicolae_temple_bog_church

Skill      XL: |  1  2  3  4  5  6  7  8  9 10 |
---------------+-------------------------------+-----
Fighting       | 4 5 6 7 9 |  9.3
Armour         | 4 6 7 9 10 | 10.0
Shields        | 4 5 6 7 |  7.9
Long Blades    | 3 4 5 7 9 11 12 | 12.1
Dodging        | 1 2 3 4 |  4.2
Invocations    | 1 |  1.0
Stealth        | |  0.9
Evocations     | |  0.1

Action                     |  1- 3 |  4- 6 |  7- 9 | 10-12 || total
---------------------------+-------+-------+-------+-------++-------
  Melee: Long sword        |   113 |   170 |   355 |   211 ||   849
         Headbutt          |    12 |    33 |    72 |    47 ||   164
 Invoke: Heroism           |       |       |     1 |     2 ||     3
  Evoke: Wand              |       |     1 |       |       ||     1
    Use: Scroll            |       |     5 |     5 |     3 ||    13
         Potion            |       |       |       |     1 ||     1
 Armour: Scale mail        |    25 |       |       |       ||    25
         Chain mail        |    57 |    94 |    44 |       ||   195
         Plate armour      |       |       |   134 |   100 ||   234
  Dodge: Dodged            |    61 |    77 |   138 |   101 ||   377
  Block: Buckler           |    41 |    39 |    77 |    59 ||   216
